Map: 블루시프트 - 래더

Players

lllllllllll (sOs)

  • Race: Protoss Protoss
  • League: Master
  • Spawn Location: 1:00

Zest - Winner!

  • Race: Protoss Protoss
  • League: Master
  • Spawn Location: 7:00

Event: IEM Season 13 - Katowice Server Qualifiers Asia 2

VOD

Have the link to the VOD?

Description

Time

  • Played on: Jan. 22, 2019, 6:44 a.m.
  • Length: 11:14

All games in this series

Show
View Real Time Build Order
Export as new Build Order

lllllllllll Protoss 

Build Orders: Archon Immortal 

Get SALT Encoding   

  12  0:00  Probe  
  13  0:12  Probe  
  14  0:17  Pylon  
  14  0:24  Probe  
  15  0:32  Probe  
  15  0:38  Gateway  
  15  0:40  Probe  
  16  0:46  Assimilator  
  17  0:50  Probe  
  17  0:54  Assimilator  
  18  0:58  Probe  
  19  1:06  Probe  
  19  1:08  Gateway  
  20  1:17  Probe  
  21  1:26  Cybernetics Core  
  21  1:29  Probe  
  22  1:35  Pylon  
  22  1:41  Probe  
  23  1:52  Warp Gate  
  23  1:53  Probe  
  24  2:02  Sentry, Stalker  
  28  2:14  Pylon  
  28  2:21  Pylon  
  28  2:26  Probe  
  29  2:32  Stalker  
  29  2:35  Stalker  
  33  2:51  Probe  
  34  3:00  Shield Battery  
  34  3:08  Pylon  
  34  3:09  Stalker x2  
  38  3:13  Shield Battery  
  38  3:28  Probe  
  39  3:35  Stargate  
  39  3:40  Probe  
  40  3:53  Probe  
  33  4:05  Probe  
  33  4:08  Nexus  
  33  4:09  Adept x2  
  38  4:12  Oracle  
  39  4:17  Probe, Pylon  
  42  4:30  Probe, Shield Battery  
  43  4:42  Probe  
  44  4:50  Oracle  
  47  4:54  Robotics Facility  
  47  5:07  Pylon  
  47  5:17  Probe  
  47  5:19  Probe  
  49  5:25  Probe  
  49  5:26  Sentry x2  
  53  5:31  Shield Battery  
  53  5:32  Shield Battery  
  53  5:33  Immortal  
  53  5:35  Probe x2  
  56  5:49  Probe  
  62  5:50  Probe  
  62  5:59  Forge  
  62  6:03  Probe x2  
  64  6:11  Pylon  
  64  6:12  Observer  
  64  6:17  Probe x2  
  67  6:25  Twilight Council  
  67  6:29  Probe x2, Assimilator  
  67  6:30  Protoss Ground Weapons Level 1, Assimilator  
  69  6:41  Probe  
  69  6:42  Probe, Phoenix  
  67  6:55  Pylon  
  67  6:58  Probe  
  67  6:59  Probe  
  69  7:02  Charge  
  69  7:04  Pylon  
  69  7:13  Immortal  
  73  7:24  Gateway  
  73  7:25  Gateway  
  73  7:29  Probe x2  
  75  7:33  Templar Archives  
  75  7:34  Gateway  
  75  7:40  Gateway  
  75  7:47  Probe  
  76  7:52  Gateway, Protoss Ground Weapons Level 2  
  76  7:54  Immortal  
  80  8:05  Nexus  
  80  8:07  Pylon  
  80  8:09  High Templar x2  
  84  8:18  Probe x2, Archon  
  86  8:33  Probe x2  
  88  8:42  Immortal  
  88  8:45  Pylon  
  92  8:49  Probe x2  
  92  8:50  Pylon  
  94  9:04  High Templar x2  
  94  9:05  Zealot x2  
  102  9:13  High Templar  
  101  9:18  High Templar  
  101  9:19  Zealot  
  101  9:20  Warp Prism  
  101  9:24  Archon x2  
  107  9:32  Probe x2  
  107  9:33  Pylon  
  107  9:34  Probe  
  110  9:45  High Templar x2, Assimilator  
  114  9:46  Assimilator, Zealot x4  
  114  9:49  Photon Cannon  
  114  9:50  Archon  
  114  9:51  Pylon  
  122  9:53  Probe  
  122  9:56  Immortal  
  127  10:08  Pylon  
  127  10:10  Pylon  
  127  10:12  Shield Battery  
  126  10:25  High Templar x2  
  126  10:26  Zealot x5  
  126  10:31  Archon  
  118  10:49  Zealot x5  
  120  10:55  Probe  
  104  10:59  Zealot x2  
  82  11:11  Zealot x2  
Show
View Real Time Build Order
Export as new Build Order

Zest Protoss - Winner!

Build Orders:  

Get SALT Encoding   

  12  0:00  Probe  
  13  0:13  Probe  
  14  0:17  Pylon  
  14  0:24  Probe  
  15  0:32  Probe  
  15  0:37  Gateway  
  15  0:40  Probe  
  16  0:46  Assimilator  
  17  0:51  Probe  
  17  0:54  Assimilator  
  18  1:00  Probe  
  19  1:08  Gateway, Probe  
  19  1:17  Probe  
  20  1:24  Cybernetics Core  
  21  1:29  Probe  
  22  1:34  Pylon  
  22  1:41  Probe  
  23  1:54  Probe  
  24  2:02  Adept x2, Warp Gate  
  24  2:08  Pylon  
  28  2:26  Stargate  
  28  2:30  Adept  
  28  2:32  Adept  
  31  2:50  Probe, Pylon  
  32  3:01  Adept x2  
  39  3:37  Pylon  
  36  3:42  Nexus  
  36  3:44  Probe  
  36  3:46  Twilight Council  
  35  4:00  Gateway  
  29  4:05  Stalker  
  29  4:09  Stalker  
  33  4:15  Shield Battery  
  33  4:16  Blink  
  33  4:29  Stalker  
  35  4:33  Stalker  
  37  5:02  Stalker x3  
  37  5:03  Probe  
  44  5:08  Nexus  
  44  5:22  Probe  
  45  5:32  Forge  
  45  5:33  Pylon  
  45  5:34  Probe  
  46  5:46  Probe  
  47  5:52  Sentry x3  
  53  5:58  Protoss Ground Weapons Level 1  
  53  5:59  Probe  
  54  6:10  Probe  
  55  6:17  Probe  
  55  6:19  Probe  
  55  6:25  Probe  
  57  6:27  Probe  
  59  6:35  Probe  
  59  6:37  Probe  
  59  6:50  Probe x2  
  59  6:56  Gateway x2  
  59  6:57  Pylon  
  59  6:58  Gateway  
  59  6:59  Assimilator  
  59  7:02  Probe x2  
  59  7:03  Assimilator  
  59  7:04  Pylon  
  61  7:14  Probe x2  
  63  7:16  Charge  
  63  7:20  Templar Archives  
  63  7:21  Robotics Facility  
  63  7:23  Protoss Ground Weapons Level 2, Stalker  
  65  7:37  Gateway x2  
  65  7:44  Pylon  
  65  7:45  Probe x2  
  67  8:05  Nexus, Pylon  
  67  8:10  High Templar x2, Zealot  
  73  8:15  Archon  
  73  8:24  Zealot x3  
  79  8:31  High Templar x2  
  83  8:36  Archon  
  83  8:37  Zealot  
  85  8:46  Zealot x3  
  85  8:47  Zealot  
  93  9:01  Warp Prism  
  93  9:04  High Templar x2, Zealot x2  
  98  9:17  Archon  
  98  9:23  Probe x2  
  100  9:29  High Templar  
  100  9:30  High Templar, Zealot x4  
  112  9:34  Probe  
  112  9:35  Probe  
  114  9:40  Archon, Pylon  
  114  9:54  Pylon  
  114  10:01  High Templar x2  
  114  10:02  Zealot x3  
  114  10:06  Archon, Pylon  
  124  10:09  Pylon  
  124  10:23  Zealot x5  
  118  10:35  Zealot x3  
  112  10:49  Zealot x5  
  88  11:06  Zealot x3  
  88  11:10  Zealot x3  
  88  11:11  Zealot x2  

Tags
 
Add a new tag
Caveats
  • Supply blocks, unpowered buildings, or Contaminate may cause inaccurate times.
  • Supply counts are checked every 10 seconds.